AoeStats
← CUZMAR91

Arabia

504930331Analyzed
1v1 RM · 25d ago on Sep 7, 2026· 51m 46s· 2 players
Game mode
Random Map
Map size
Tiny (2 player)
Population
200
Speed
Normal
Resources
Standard
Victory
Conquest
Starting age
Dark Age
Ending age
Imperial Age
RankedLock teamsTeams togetherTeam positionsShared explorationLock speedFull tech treeHidden civsTurbo modeCheats
Victory
Defeat
🇨🇦 Slavs · Canada
1056
+14
🇨🇱 Celts · Chile
1019
-14
CUZMAR91
10:46 Feudal Age
9:03 Loom
11:39 Town Watch
12:47 Man-at-Arms
20:26 Wheelbarrow
24:41 Castle Age
25:04 Pikeman
26:59 Gambesons
29:00 Double-Bit Axe
30:17 Horse Collar
32:07 Forging
33:35 Fervor
33:46 Sanctity
33:49 Long Swordsman
35:06 Scale Mail Armor
35:32 Fletching
36:15 Herbal Medicine
37:51 Hand Cart
44:06 Iron Casting
43:34 Heavy Plow
48:32 Imperial Age
47:54 Bow Saw
48:07 Stronghold
48:50 Capped Ram
51:11 Halberdier
51:20 Siege Ram
mattyloz
9:01 Loom
11:38 Feudal Age
18:29 Castle Age
16:51 Fletching
27:53 Double-Bit Axe
31:01 Bloodlines
32:42 Light Cavalry
34:04 Bow Saw
33:50 Horse Collar
35:07 Husbandry
35:27 Scale Barding Armor
35:51 Devotion
35:56 Detinets
39:00 Bodkin Arrow
39:55 Man-at-Arms
44:12 Imperial Age
42:04 Murder Holes
42:11 Long Swordsman
42:53 Scale Mail Armor
43:04 Forging
43:07 Heavy Plow
43:26 Squires
44:19 Wheelbarrow
44:30 Two-Handed Swordsman
46:14 Iron Casting
47:14 Chain Mail Armor
49:40 Plate Mail Armor
50:51 Blast Furnace
50:39 Hand Cart
51:15 Hussar
Connection lost

Rejoining the realm…

Still unreachable

The connection could not be restored.

Session expired

The server has moved on; the page needs a fresh start.